 Dungeon Crawl Stone Soup version 0.26-a0-651-gb41185065b (webtiles) character file.

Game seed: 12500411918700116141

11 Flugslaktarn the Shield-Bearer (level 2, 22/27 HPs)
             Began as a Deep Dwarf Fighter on Oct 12, 2020.
             Quit the game on level 1 of the Dungeon.
             The game lasted 00:00:09 (51 turns).

Flugslaktarn the Shield-Bearer (Deep Dwarf Fighter)   Turns: 51, Time: 00:00:10

Health: 22/27      AC:  6    Str: 19    XL:     2   Next: 13%
Magic:  2/2        EV:  7    Int:  8    God:
Gold:   10         SH:  9    Dex: 12    Spells: 1/1 levels left

rFire    . . .     SeeInvis .   a - +0 war axe
rCold    . . .     Faith    .   c - +0 kite shield
rNeg     . . .     Spirit   .   b - +0 scale mail
rPois    .         Reflect  .   (no helmet)
rElec    .         Harm     .   (no cloak)
rCorr    .         Rampage  .   (no gloves)
MR       .....                  (no boots)
Stlth    ..........             (no amulet)
HPRegen  0.00/turn              (no ring)
MPRegen  0.08/turn              (no ring)

@: non-regenerating
A: damage resistance, heal wounds, sense surroundings 1, no regeneration
a: Heal Wounds


You were on level 1 of the Dungeon.
You visited 1 branch of the dungeon, and saw 1 of its levels.

You collected 10 gold pieces.

Inventory:

Hand Weapons
 a - a +0 war axe (weapon)
Armour
 b - a +0 scale mail (worn)
 c - a +0 kite shield (worn)
Potions
 d - a potion of might
 e - a potion of haste {unknown}


   Skills:
 * Level 2.9 Fighting
 * Level 2.5 Axes
 + Level 3.4 Armour
 + Level 3.4 Shields


You had one spell level left.
You didn't know any spells.
Your spell library was empty.

Dungeon Overview and Level Annotations

Branches:
Dungeon (1/15)

Altars:


Innate Abilities, Weirdness & Mutations

You are resistant to damage.
You can heal yourself by infusing magical energy.
You passively map a small area around you.
You do not regenerate.


Message History

You slash the leopard gecko!
You kill the leopard gecko!
You closely miss the leopard gecko. You block the leopard gecko's attack.
The goblin closely misses you.
The leopard gecko bites you but does no damage.
You barely miss the leopard gecko. You hit the goblin.
You block the leopard gecko's attack. You block the goblin's attack.
The leopard gecko bites you.
You hit the goblin.
The goblin is severely wounded.
You hit the leopard gecko. You block the goblin's attack.
The leopard gecko barely misses you. The goblin hits you but does no damage.
You slash the leopard gecko!
You kill the leopard gecko!
You have reached level 2!
You slash the goblin!
You kill the goblin!
No target in view!
Unknown command.
Are you sure you want to abandon this character and quit the game? (Confirm with "yes".)

, ...#......(.........*
,* *#.#................
* #.................. ,
###....#........!....
#......#.............
#.......#####........ *
#.....#.##..........., ,
#.....#.##.##†#......
###...#....##@)......
########.########†......
#..#.........#..#.......
#.#...........#.#..#....
#.....#.#.....##..#....
#......#.#.†(...#..# ...
, #......#.#......#..#*
.. #....#.#.#.#....#..#
#...##.#.#.##...# *


There were no monsters in sight!

Vanquished Creatures
  3 leopard geckos (D:1)
  2 goblins (D:1)
  A hobgoblin (D:1)
  A rat (D:1)
7 creatures vanquished.

Notes
Turn   | Place    | Note
-------+----------+-------------------------------------------
     0 | D:1      | Flugslaktarn the Deep Dwarf Fighter began the quest for the
                  | Orb.
     0 | D:1      | Reached XP level 1. HP: 20/20 MP: 1/1
    50 | D:1      | Reached XP level 2. HP: 22/27 MP: 2/2
    51 | D:1      | Quit the game

Illustrated notes

Levels and vault maps discovered:
D:1:      matt_arrival_grand_opening, layout_basic

Action                   || total
-------------------------++-------
Melee: War axe           ||    10
Armor: Scale mail        ||     4
Dodge: Dodged            ||     7
Block: Kite shield       ||    11

Table legend: (Time is in decaauts)
 A = Elapsed time spent in this place.
 B = Non-inter-level travel time spent in this place.
 C = Inter-level travel time spent in this place.
 D = Time resting spent in this place.
 E = Time spent auto-exploring this place.
 F = Levels seen in this place.
 G = Mean time per level.
                   A        B        C        D        E       F      G
               +--------+--------+--------+--------+--------+-----+--------+
         Total |     55 |     55 |      0 |      0 |     33 |   1 |   55.0 |
       Dungeon |     55 |     55 |      0 |      0 |     33 |   1 |   55.0 |
               +--------+--------+--------+--------+--------+-----+--------+

Top non-repeatable levels by time:
     D:1: 55 daAuts
